 Dungeon Crawl Stone Soup version 0.31.0-32-g396128a36d (webtiles) character file.

Game seed: 5053312330946854951

2979 Peloso the Carver (level 9, 0/78 HPs)
             Began as a Minotaur Fighter on Mar 17, 2024.
             Was a Believer of Okawaru.
             Slain by a wyvern (12 damage)
             ... on level 7 of the Dungeon.
             The game lasted 00:15:37 (7225 turns).

Peloso the Carver (Minotaur Fighter)                Turns: 7225, Time: 00:15:37

Health: 0/78       AC:  9    Str: 26    XL:     9   Next: 53%
Magic:  8/8        EV: 13    Int:  7    God:    Okawaru [**....]
Gold:   361        SH:  5    Dex: 15    Spells: 8/8 levels left

rFire   . . .        a - +1 scimitar
rCold   + . .        d - +0 buckler
rNeg    . . .        y - +3 ring mail of the Amoeba {rC+ Int+2}
rPois   +            (helmet currently unavailable)
rElec   .            (cloak currently unavailable)
rCorr   .            (gloves currently unavailable)
SInv    .            (boots currently unavailable)
Will    .....        (no amulet)
Stlth   +            k - ring of poison resistance
HPRegen 0.33/turn    s - +6 ring of strength
MPRegen 0.11/turn

%: no passive effects
@: beast-form
A: beast (slay +1), horns 2, retaliatory headbutt
a: Begin Untransformation, Renounce Religion, Heroism


You were on level 7 of the Dungeon.
You worshipped Okawaru.
Okawaru was pleased with you.
You were a hulking beast.
You visited 2 branches of the dungeon, and saw 9 of its levels.

You collected 361 gold pieces.

Inventory:

Hand Weapons
 a - a +1 scimitar (weapon)
 b - a +2 short sword of flaming
Armour
 c - a +0 plate armour
 d - a +0 buckler (worn)
 x - a +2 cloak of willpower
 y - the +3 ring mail of the Amoeba (worn) {rC+ Int+2}
   (You found it on level 2 of the Dungeon)

   Int+2:     It affects your intelligence (+2).
   rC+:       It protects you from cold.
Jewellery
 k - a ring of poison resistance (left hand)
 s - a +6 ring of strength (right hand)
Talismans
 f - a flux talisman
 l - a beast talisman (active)
Wands
 i - a wand of flame (22)
 m - a wand of mindburst (22)
Scrolls
 e - a scroll of amnesia {unknown}
 h - 2 scrolls of enchant weapon
 o - 2 scrolls of fear {unknown}
 p - a scroll of blinking {unknown}
 q - 2 scrolls of teleportation
 r - a scroll of immolation {unknown}
 t - a scroll of revelation {unknown}
 v - 2 scrolls of poison {unknown}
 z - a scroll of enchant armour {unknown}
 B - a scroll of vulnerability
 C - 2 scrolls of butterflies {unknown}
 D - a scroll of identify
Potions
 g - 4 potions of curing
 j - a potion of invisibility
 n - 3 potions of brilliance
 u - 3 potions of heal wounds {unknown}
 w - 2 potions of might
 A - 2 potions of mutation {unknown}


   Skills:
 + Level 6.8 Fighting
 + Level 9.9 Long Blades
 + Level 7.2 Armour
 + Level 5.4 Dodging
 + Level 1.0 Stealth
 + Level 5.8 Shields
 + Level 1.0 Evocations
 + Level 2.9 Shapeshifting


You had 8 spell levels left.
You didn't know any spells.
Your spell library contained the following spells:

 Spells                   Type           Power      Damage    Failure   Level
 Kiss of Death            Conj/Necr      0%         2d5       61%         1
 Shock                    Conj/Air       0%         1d3       61%         1
 Mercury Vapours          Alch/Air       0%         N/A       75%         2
 Confusing Touch          Hex            0%         N/A       93%         3
 Mephitic Cloud           Conj/Alch/Air  0%         N/A       93%         3
 Swiftness                Air            0%         N/A       93%         3
 Airstrike                Air            0%         2d(0-16)  100%        4
 Dispel Undead            Necr           0%         3d6       100%        4
 Olgreb's Toxic Radiance  Alch           0%         N/A       100%        4
 Passage of Golubria      Tloc           0%         N/A       100%        4
 Freezing Cloud           Conj/Ice/Air   0%         6-21      100%        5
 Silence                  Hex/Air        0%         N/A       100%        5
 Ozocubu's Refrigeration  Ice            0%         4d7       100%        7
 Discord                  Hex            0%         N/A       100%        8
 Lehudib's Crystal Spear  Conj/Erth      0%         10d2      100%        8


Dungeon Overview and Level Annotations

Branches:
Dungeon (8/15)             Temple (1/1) D:6
   Lair: D:8-11

Altars:
Ashenzari
Cheibriados
Dithmenos
Elyvilon
Fedhas
Gozag
Hepliaklqana
Makhleb
Nemelex Xobeh
Okawaru
Qazlal
Ru
Trog
Uskayaw
Vehumet
Wu Jian
Xom
Yredelemnul
Zin
Lugonu

Shops:
D:1 *   D:3 =   D:6 =

Annotations:
D:7 2 transporters


Innate Abilities, Weirdness & Mutations

You are a hulking beast.
Your limbs bulge with bestial killing power. (Slay +1)
You have a pair of horns on your head.
You reflexively headbutt those who attack you in melee.


Message History

You slash the orc priest!
You kill the orc priest!
Okawaru accepts your kill.
Unknown command.
You slash the orc!
You kill the orc!
Okawaru accepts your kill.
An orc comes into view. It is wielding a +0 flail.
The wyvern closely misses you.
Unknown command.
You hit the wyvern. Your headbutt misses the wyvern.
The wyvern is lightly wounded.
The wyvern bites you!
The orc wizard casts a spell.
The orc wizard flickers and vanishes!
Deactivating autopickup; reactivate with Ctrl-A.
Unknown command.
You slash the wyvern!
The wyvern is heavily wounded.
You block the wyvern's attack. You block the orc's attack.
The wyvern bites you!
Unknown command.
You slash the wyvern!
The wyvern is severely wounded.
The wyvern bites you! You block the orc warrior's attack.
Unknown command.
The wyvern misses you. You block the orc's attack.
The orc warrior hits you with a +0 battleaxe!!
* * * LOW HITPOINT WARNING * * *
The wyvern bites you.
* * * LOW HITPOINT WARNING * * *
You climb upwards.
Level annotation: 2 transporters Reactivating autopickup.
There is a stone staircase leading down here.
You feel better. The orc barely misses you. You block the orc's attack.
The orc warrior hits you with a +0 battleaxe!
* * * LOW HITPOINT WARNING * * *
The wyvern bites you!
You die...

###### #.#######.....######
.....# #............##### ####.##
######.........).# ###...###
#.##.######.# ).......# #.##.#
#)# ###...#.#
########.##.######.# ##.##.#
#.....[.....##...#.# # #.##.#
#.####o###)###.#.#.# ####.##.#
#.#.kho# #)....#...### .....##.#
#.#.##o###)#.#####....
###..##.####.#.##.)...#...#...###
# #............####.#####.#.#.#
#..........### #.#####...#.#
#####.###### #...........#
#######.# ############# ........#
#########


You could see an orc warrior, a wyvern and 2 orcs.

Vanquished Creatures
  A vampire (D:6)
  A water moccasin (D:6)
  An orc warrior (D:6)
  3 black bears (D:5)
  An ogre (D:5)
  A phantom (D:4)
  A kobold brigand (D:6)
  8 scorpions
  10 wights (D:7)
  3 killer bees (D:7)
  An electric eel (D:7)
  A bombardier beetle (D:4)
  A hound (D:4)
  2 jellies
  6 orc priests
  4 gnoll boudas
  2 sleepcaps
  Jessica (D:2)
  4 iguanas
  3 orc wizards
  Robin (D:2)
  13 gnolls
  4 adders
  2 dart slugs
  2 ribbon worms
  32 orcs
  6 bats
  7 endoplasms
  A giant cockroach (D:4)
  9 hobgoblins
  4 jackals (D:2)
  14 kobolds
  4 quokkas
  3 ball pythons
  3 frilled lizards
  10 goblins
  3 rats
173 creatures vanquished.

Notes
Turn   | Place    | Note
-------+----------+-------------------------------------------
     0 | D:1      | Peloso the Minotaur Fighter began the quest for the Orb.
     0 | D:1      | Reached XP level 1. HP: 19/19 MP: 0/0
   288 | D:1      | Found a faded altar of an unknown god.
   290 | D:1      | Reached XP level 2. HP: 27/27 MP: 1/1
   489 | D:1      | Found Hixtuh's Assorted Antiques.
   899 | D:2      | Noticed Jessica
   933 | D:2      | Killed Jessica
   934 | D:2      | Reached skill level 3 in Long Blades
   934 | D:2      | Reached XP level 3. HP: 24/33 MP: 2/2
  1085 | D:2      | Identified the +3 ring mail of the Amoeba {rC+ Int+2}
  1180 | D:2      | Noticed Robin
  1192 | D:2      | Killed Robin
  1193 | D:2      | Reached skill level 4 in Long Blades
  1193 | D:2      | Reached XP level 4. HP: 33/40 MP: 3/3
  1745 | D:3      | Found Pokhon's Jewellery Shoppe.
  1982 | D:3      | Identified the +2 robe of the Prince of Darkness {rN+
                  | Will+}
  2109 | D:3      | Reached XP level 5. HP: 46/46 MP: 4/4
  2366 | D:3      | Found an ornate altar of the Wu Jian Council.
  2922 | D:4      | Noticed a phantom
  2942 | D:4      | Killed a phantom
  2943 | D:4      | Reached skill level 5 in Long Blades
  2943 | D:4      | Reached skill level 1 in Dodging
  3198 | D:4      | Reached XP level 6. HP: 53/53 MP: 5/5
  3223 | D:4      | Found a hazy altar of Hepliaklqana.
  3727 | D:5      | Entered Level 5 of the Dungeon
  3775 | D:4      | Reached skill level 1 in Shapeshifting
  3914 | D:5      | Reached skill level 6 in Long Blades
  3914 | D:5      | Reached skill level 5 in Armour
  3995 | D:5      | Found a shadowy altar of Dithmenos.
  4072 | D:5      | Noticed a +0 dagger
  4073 | D:5      | Noticed a +0 dagger
  4079 | D:5      | Found a hide-covered altar of Uskayaw.
  4205 | D:5      | Reached XP level 7. HP: 56/60 MP: 6/6
  4333 | D:5      | Reached skill level 5 in Fighting
  4341 | D:5      | Reached skill level 7 in Long Blades
  4753 | D:6      | Reached XP level 8. HP: 66/69 MP: 7/7
  4893 | D:6      | Reached skill level 5 in Shields
  4947 | D:6      | Identified the +1 leather armour "Gatirph" {rPois Int+5}
  4968 | D:6      | Reached skill level 8 in Long Blades
  5143 | D:6      | Found a staircase to the Ecumenical Temple.
  5173 | Temple   | Entered the Ecumenical Temple
  5190 | Temple   | Became a worshipper of Warmaster Okawaru
  5312 | D:6      | Found Tiem Olo's Jewellery Shop.
  5386 | D:6      | Identified the +0 war axe of Tension {flame, rC+}
  5664 | D:6      | Found a blossoming altar of Fedhas.
  5665 | D:6      | Found a sparkling altar of Nemelex Xobeh.
  5725 | D:6      | Reached * piety under Okawaru
  5726 | D:6      | Reached XP level 9. HP: 64/75 MP: 8/8
  5980 | D:7      | Reached skill level 9 in Long Blades
  6191 | D:7      | Reached skill level 5 in Dodging
  6248 | D:7      | Reached skill level 1 in Stealth
  6420 | D:7      | Found a transporter.
  6421 | D:7      | Noticed a cyan ugly thing
  6421 | D:7      | Noticed a brown ugly thing
  6423 | D:7      | Noticed an ancient zyme
  6423 | D:7      | Noticed a white ugly thing
  6424 | D:7      | Found a corrupted altar of Lugonu.
  6527 | D:7      | Reached ** piety under Okawaru
  6712 | D:7      | Found a transporter.
  6984 | D:7      | Reached skill level 1 in Evocations
  7225 | D:7      | Slain by a wyvern

Illustrated notes

Levels and vault maps discovered:
D:1:      amcnicky_arrival_feature_with_door, layout_loops_cross, serial_shops,
          shop, shapermc_ecumenical_altar_flowoftime
D:2:      layout_basic, minmay_cupped, uniq_robin, uniq_jessica
D:3:      layout_loops_cross, nicolae_wu_jian_immortal_techniques, serial_shops,
          nicolae_shop_gaudy_bauble, minmay_hedge_maze, minmay_bisected
D:4:      layout_basic, mainiacjoe_overflow_alcove_1, corexii_hall_statues_t
D:5:      layout_basic, dancing_weapons_uskayaw, mainiacjoe_overflow_24_doors
D:6:      layout_cave_pods, mainiacjoe_overflow_divided_tiny,
          minmay_temple_entry_slanted, serial_shops, shop, grunt_potential
D:7:      gammafunk_corrupted_shrine, layout_loops_ring, minivault_4
D:8:      layout_cave_pools, mainiacjoe_overflow_surrounded_room
Temple:   nicolae_temple_figure_eight

Skill      XL: |  1  2  3  4  5  6  7  8  9 |
---------------+----------------------------+-----
Armour         | 4 5 6 7 |  7.2
Shields        | 4 5 |  5.8
Fighting       | 4 5 6 |  6.8
Long Blades    | 3 4 5 6 7 8 9 |  9.9
Dodging        | 1 3 4 5 |  5.4
Shapeshifting  | 1 2 |  2.9
Stealth        | 1 |  1.0
Evocations     | 1 |  1.0

Action                     |  1- 3 |  4- 6 |  7- 9 || total
---------------------------+-------+-------+-------++-------
  Melee: Long sword        |    86 |   158 |   196 ||   440
         Headbutt          |    11 |    24 |    50 ||    85
         Scimitar          |       |       |    53 ||    53
  Evoke: Wand              |       |       |     1 ||     1
    Use: Scroll            |     4 |     2 |     1 ||     7
         Potion            |       |       |     2 ||     2
 Armour: Scale mail        |    51 |    63 |       ||   114
         Ring mail         |       |    75 |   134 ||   209
  Dodge: Dodged            |    34 |    67 |   131 ||   232
  Block: Buckler           |    12 |    47 |    74 ||   133
   Form: Beast             |     1 |       |       ||     1
